 Dungeon Crawl Stone Soup version 0.18-a0-1799-g6250cb2 (webtiles) character file.

263 Tarnath the Sneak (level 5, 0/25 HPs)
             Began as a Spriggan Warper on Apr 23, 2016.
             Killed from afar by an orc wizard (6 damage)
             ... with a magic dart
             ... on level 4 of the Dungeon.
             The game lasted 00:11:25 (5276 turns).

Tarnath the Sneak (Spriggan Warper)                 Turns: 5276, Time: 00:11:26

Health: 0/25       AC:  2    Str:  7    XL:     5   Next: 98%
Magic:  7/12       EV: 18    Int: 16    God:
Gold:   149        SH:  0    Dex: 15    Spells: 3 memorised, 6 levels left

rFire  . . .     SeeInvis +     a - +0 short sword
rCold  . . .     Gourm    .     b - +0 robe
rNeg   . . .     Faith    .     (shield restricted)
rPois  .         Spirit   .     (helmet restricted)
rElec  .         Dismiss  .     (no cloak)
rCorr  .         Reflect  .     (gloves unavailable)
SustAt .         Harm     .     (boots unavailable)
MR     .....                    t - amulet of magic regeneration
Stlth  ++++......               o - +1 ring of slaying
                                (no ring)

@: very slightly contaminated, very quick, not resistant to hostile
enchantments, stealthy
A: unfitting armour, see invisible, herbivore 3, speed 3, slow metabolism 2
a: no special abilities


You were on level 4 of the Dungeon.
You were not hungry.

You visited 1 branch of the dungeon, and saw 4 of its levels.

You collected 149 gold pieces.

Inventory:

Hand Weapons
 a - a +0 short sword (weapon)
Missiles
 e - 5 tomahawks of dispersal (quivered)
Armour
 b - a +0 robe (worn)
Jewellery
 o - a +1 ring of slaying (right hand)
 t - an amulet of magic regeneration (around neck)
Scrolls
 d - a scroll of blinking
 k - a scroll of magic mapping
Potions
 g - 2 potions of lignification {unknown}
 h - a potion of flight {unknown}
 j - 3 potions of curing
 l - a potion of degeneration {unknown}
 m - a potion of mutation {unknown}
 n - a potion of beneficial mutation {unknown}
 r - a potion of heal wounds {unknown}
 s - a potion of berserk rage {unknown}
Books
 c - a book of Spatial Translocations

   Spells                             Type                      Level
   a - Apportation                    Translocation                1
   b - Blink                          Translocation                2
   c - Shroud of Golubria             Charms/Translocation         2
   d - Portal Projectile              Translocation                3
   e - Teleport Other                 Translocation                3
   f - Passage of Golubria            Translocation                4
Comestibles
 f - 2 bread rations


   Skills:
 - Level 1.5 Fighting
 + Level 3.8 Short Blades
 - Level 1.0 Throwing
 - Level 3.7 Dodging
 * Level 6.6 Stealth
 + Level 4.2 Spellcasting
 - Level 4.4 Translocations


You had 6 spell levels left.
You knew the following spells:

 Your Spells              Type           Power        Failure   Level  Hunger
a - Apportation           Tloc           ###.......   2%          1    None
b - Blink                 Tloc           N/A          4%          2    ##.....
c - Teleport Other        Tloc           ###.....     10%         3    ###....


Dungeon Overview and Level Annotations

Branches:
Dungeon (4/15)
 Temple: D:4-7

Altars:
Fedhas
Makhleb
Okawaru
Vehumet
Zin

Annotations:
D:4 Sigmund


Innate Abilities, Weirdness & Mutations

You are tiny and cannot use many weapons and most armour.
You have supernaturally acute eyesight.
You are a herbivore.
You cover ground extremely quickly.
You need consume almost no food.


Message History

Press: ? - help, Shift-Dir - straight line, f - orc wizard
Aim: an orc wizard, wielding a dagger and wearing a robe (slightly transparent, chance to defeat MR: 54%)
You miscast Teleport Other.
You are very lightly contaminated with residual magic.
The air around you crackles with energy!
The orc wizard points at you and mumbles some strange words.
You easily resist.
The orc wizard hits you with a dagger.
* * * LOW HITPOINT WARNING * * *
Casting: Teleport Other
Confirm with . or Enter, or press ? or * to list all spells.
Aiming: Teleport Other
Press: ? - help, Shift-Dir - straight line, f/p - orc wizard
Aim: an orc wizard, wielding a dagger and wearing a robe (slightly transparent, chance to defeat MR: 54%)
The orc wizard looks slightly unstable.
The orc wizard closely misses you. The orc wizard completely misses you.
You hit the orc wizard.
The orc wizard is almost dead.
The orc wizard gestures at you while chanting.
The magic dart hits you!
You die...

#+#####....###....###
...........##........ #.#
..........# #....... #.#
..........###.....### #.#
#+#.##'##..........# #.#
#...##.##..........# #.#
#...##.##...........
#.#######...#.ooho..........
#.#.........#.@##...........
###.#....####.#..####.........
..............#..# #.........
..(......####....# #..o......
....##...'.......# #..?......
#...##...#####...# #........P
....##...# ##..# #........h
....##...# ...# #.o?......
....##...# ...# #.o......P


You could see a hound, 2 orc wizards and an orc.

Vanquished Creatures
  A crimson imp (D:3)
  A jelly (D:3)
  Natasha (D:4)
  9 adders
  2 oozes
  A worm (D:3)
  A dart slug (D:3)
  3 giant geckos
  2 orcs (D:3)
  5 bats
  7 giant cockroaches
  6 goblins
  5 hobgoblins
  11 jackals
  3 ball pythons
  7 kobolds
  13 rats
78 creatures vanquished.

Notes
Turn   | Place    | Note
--------------------------------------------------------------
     0 | D:1      | Tarnath the Spriggan Warper began the quest for the Orb.
     0 | D:1      | Reached XP level 1. HP: 10/10 MP: 5/5
   144 | D:1      | Reached skill level 1 in Stealth
   603 | D:1      | Reached XP level 2. HP: 6/14 MP: 6/6
   798 | D:1      | Learned a level 2 spell: Blink
  1370 | D:1      | Reached skill level 2 in Stealth
  1743 | D:2      | Reached skill level 3 in Stealth
  1743 | D:2      | Reached XP level 3. HP: 10/18 MP: 8/8
  1869 | D:2      | Learned a level 3 spell: Teleport Other
  2207 | D:2      | Reached skill level 4 in Stealth
  2370 | D:2      | Found a glowing silver altar of Zin.
  2533 | D:2      | Found a blossoming altar of Fedhas.
  2659 | D:2      | Reached XP level 4. HP: 18/22 MP: 9/9
  3570 | D:3      | Reached skill level 5 in Stealth
  3976 | D:3      | Reached XP level 5. HP: 24/25 MP: 11/11
  4556 | D:3      | Reached skill level 6 in Stealth
  4827 | D:3      | Found a radiant altar of Vehumet.
  4827 | D:3      | Found a burning altar of Makhleb.
  5006 | D:4      | Found an iron altar of Okawaru.
  5006 | D:4      | Noticed Sigmund
  5227 | D:4      | Noticed Natasha
  5236 | D:4      | Killed Natasha
  5276 | D:4      | Killed from afar by an orc wizard

Vault maps used:
D:1:      dpeg_arrival_three_smaller_balls, fountainhead, nrook_uturn
D:2:      nicolae_overflow_crystal_walls, fedhas_altar_4
D:3:      grunt_temple_overflow_lords_of_destruction
D:4:      old_standard_altar, okawaru_gym_becter, first_bread,
          serial_bayou_pond_b, hex_medium, uniq_natasha, uniq_sigmund,
          uniq_pikel

Skill      XL: |  1  2  3  4  5 |
---------------+----------------+-----
Stealth        | 1 3 4 5 6 |  6.6
Spellcasting   | 3 4 |  4.2
Short Blades   | 3 |  3.8
Fighting       | |  1.5
Throwing       | |  1.0
Dodging        | |  3.7
Translocations | |  4.4

Action                   |  1- 3 |  4- 6 || total
-------------------------+-------+-------++-------
Melee: Short sword       |   183 |   191 ||   374
 Cast: Blink             |     1 |       ||     1
       Teleport Other    |       |     2 ||     2
  Use: Scroll            |     2 |     2 ||     4
 Stab: Sleeping          |     5 |    12 ||    17
  Eat: Pizza             |       |     2 ||     2
Armor: Robe              |    16 |    16 ||    32
Dodge: Dodged            |   149 |   157 ||   306
